 Dungeon Crawl Stone Soup version 0.30-a0-272-gf98c3da03f (webtiles) character file.

Game seed: 17010099815054496905

698935 Zonian the Blinker (level 27, -13/115 (150) HPs)
             Began as a Vine Stalker Brigand on Oct 9, 2022.
             Was a Follower of Uskayaw.
             Killed from afar by a wendigo (24 damage)
             ... with a seracfall
             ... on level 4 of Cocytus on Oct 15, 2022.
             The game lasted 06:13:59 (92725 turns).

Zonian the Blinker (Vine Stalker Brigand)          Turns: 92725, Time: 06:14:02

HP:   -13/115 (150) AC: 12    Str: 18 (22) XL:     27
MP:   0/45          EV: 21    Int: 17 (23) God:    Uskayaw [*.....]
Gold: 3826          SH: 23    Dex: 31 (32) Spells: 16/61 levels left

rFire   + + +      SeeInvis +    j - +9 rapier of the Feeding Gods {vorpal, Fly Dex+4}
rCold   + + +      Faith    .    s - +2 shield of Resistance {rF++ rC++ Will++}
rNeg    + + .      Spirit   +    z - +0 ring mail of Conscience {rN+ rCorr Str+5}
rPois   +          Reflect  +    q - +2 helmet "Xurash" {rPois Slay+3 Stlth+}
rElec   .          Harm     .    V - scarf {rC+ rF+}
rCorr   +          Rampage  .    r - +0 pair of fencer's gloves {Riposte Dex+3}
Will    ++++.                    y - +1 pair of boots of Houproc {rPois rCorr Dex-3}
Stlth   ++++++++..               x - amulet of reflection
HPRegen 1.19/turn                K - ring "Woeziff" {rN+ Will- rCorr Int+6 Dex+5}
MPRegen 0.29/turn                h - ring "Disorr" {Int+2 Slay+3 SInv}

@: flying, studying Polearms, heavily drained, unable to drink
A: fangs 3, regeneration 1, magic shield, antimagic bite, no potion heal 2,
deformed body, mutation resistance 1
}: 4/15 runes: serpentine, barnacled, slimy, silver
a: Renounce Religion, Stomp


You were on level 4 of Cocytus.
You worshipped Uskayaw.
Uskayaw was most pleased with you.
You visited 14 branches of the dungeon, and saw 61 of its levels.
You visited 1 ziggurat, and saw 10 of its levels.
You also visited: Volcano.

You collected 10911 gold pieces.
You spent 7085 gold pieces at shops.

Inventory:

Hand Weapons
 d - a +9 rapier of speed
 g - a +5 eudemon blade of holy wrath
 j - the +9 rapier of the Feeding Gods (weapon) {vorpal, Fly Dex+4}
   (You bought it in a shop on level 3 of the Elven Halls)

   It inflicts extra damage upon your enemies.
   Dex:       It affects your dexterity (+4).
   Fly:       It grants you flight.
 w - a +2 quick blade of freezing
 A - the +8 autumn katana {vorpal, manifold assault}
   (You found it on level 2 of the Snake Pit)

   It sometimes launches melee attacks against multiple visible enemies.
 I - the +9 sling "Beg Pakk" {vorpal, rF+ rC+ Int+3 Stlth-}
   (You found it on level 5 of the Pits of Slime)

   Any ammunition fired from it inflicts extra damage upon your enemies.
   Int:       It affects your intelligence (+3).
   rF:        It protects you from fire.
   rC:        It protects you from cold.
   Stlth:     It makes you less stealthy.
Missiles
 a - 9 throwing nets
 f - 26 boomerangs (quivered)
 n - 11 curare-tipped darts
 C - 7 silver javelins
 D - 11 javelins
Armour
 q - the +2 helmet "Xurash" (worn) {rPois Slay+3 Stlth+}
   (You found it on level 3 of the Elven Halls)

   Slay:      It affects your accuracy & damage with ranged weapons and melee
   (+3).
   rPois:     It protects you from poison.
   Stlth:     It makes you more stealthy.
 r - the +0 pair of fencer's gloves (worn) {Riposte Dex+3}
   (You bought it in a shop on level 2 of the Orcish Mines)

   It allows the wearer to riposte with melee weapons, swiftly retaliating
   against missed or blocked melee attacks.
   Dex:       It affects your dexterity (+3).
 s - the +2 shield of Resistance (worn) {rF++ rC++ Will++}
   (You bought it in a shop on level 2 of the Orcish Mines)

   rF:        It greatly protects you from fire.
   rC:        It greatly protects you from cold.
   Will:      It greatly increases your willpower.
 y - the +1 pair of boots of Houproc (worn) {rPois rCorr Dex-3}
   (You bought it in a shop on level 2 of the Orcish Mines)

   Dex:       It affects your dexterity (-3).
   rPois:     It protects you from poison.
   rCorr:     It protects you from acid and corrosion.
 z - the +0 ring mail of Conscience (worn) {rN+ rCorr Str+5}
   (You found it on level 4 of the Dungeon)

   Str:       It affects your strength (+5).
   rN:        It protects you from negative energy.
   rCorr:     It protects you from acid and corrosion.
 V - a scarf of resistance (worn)
Jewellery
 h - the ring "Disorr" (right hand) {Int+2 Slay+3 SInv}
   (You found it on level 4 of the Shoals)

   [ring of see invisible]

   Int:       It affects your intelligence (+2).
   Slay:      It affects your accuracy & damage with ranged weapons and melee
   (+3).
   SInv:      It lets you see invisible.
 x - an amulet of reflection (around neck)
 K - the ring "Woeziff" (left hand) {rN+ Will- rCorr Int+6 Dex+5}
   (You found it on level 3 of the Snake Pit)

   [ring of intelligence]

   Int:       It affects your intelligence (+6).
   Dex:       It affects your dexterity (+5).
   rN:        It protects you from negative energy.
   rCorr:     It protects you from acid and corrosion.
   Will:      It decreases your willpower.
 P - the ring of Contentment {Drain rElec Str+6 Dex+4}
   (You found it on level 6 of a ziggurat)

   [ring of strength]

   Str:       It affects your strength (+6).
   Dex:       It affects your dexterity (+4).
   rElec:     It insulates you from electricity.
   Drain:     It drains your maximum health when unequipped.
 Q - a ring of the Octopus King {HP+2 MP+9 AC+2 EV+2 SH+2}
   (You found it on level 7 of a ziggurat)

   [ring of magical power]

   AC:        It affects your AC (+2).
   EV:        It affects your evasion (+2).
   HP:        It affects your health (+2).
   MP:        It affects your magic capacity (+9).
   SH:        It affects your SH (+2).
Wands
 l - a wand of acid (4)
 E - a wand of flame (82)
 L - a wand of iceblast (23)
 Z - a wand of digging (14)
Scrolls
 b - a scroll of summoning
 o - 5 scrolls of immolation
 p - 6 scrolls of fear
 u - 2 scrolls of enchant armour
 F - 3 scrolls of fog
 G - 7 scrolls of poison
 M - a scroll of silence
 O - 23 scrolls of teleportation
 S - 4 scrolls of magic mapping
Potions
 c - 5 potions of mutation
 i - 8 potions of ambrosia
 k - 28 potions of curing
 t - 5 potions of magic
 B - 8 potions of brilliance
 J - 4 potions of berserk rage
 R - 4 potions of haste
 T - 4 potions of invisibility
 U - 2 potions of resistance
 X - 5 potions of cancellation
 Y - 2 potions of might
Miscellaneous
 e - a lightning rod (4/4)
 m - a phantom mirror
 v - a tin of tremorstones (2/2)
 H - a box of beasts
 W - the horn of Geryon (inert)


   Skills:
 - Level 17.6 Fighting
 - Level 12.4(14.0) Short Blades
 - Level 10.5(13.0) Long Blades
 - Level 15.1 Ranged Weapons
 - Level 5.0 Throwing
 - Level 10.0 Armour
 - Level 11.0 Dodging
 - Level 18.0 Stealth
 - Level 12.0 Shields
 - Level 17.7 Spellcasting
 - Level 5.0 Conjurations
 - Level 9.3 Summonings
 - Level 15.0 Necromancy
 - Level 18.0 Translocations
 - Level 5.0 Fire Magic
 - Level 10.4 Air Magic
 + Level 0.2 Earth Magic
 - Level 16.7 Invocations
 - Level 15.0 Evocations


You had 16 spell levels left.
You knew the following spells:

 Your Spells              Type           Power      Damage    Failure   Level
a - Blink                 Tloc           100%       N/A       0%          2
b - Lesser Beckoning      Tloc           100%       N/A       1%          3
c - Apportation           Tloc           100%       N/A       0%          1
d - Momentum Strike       Conj/Tloc      100%       3d10      1%          2
e - Vhi's Electric Charg  Tloc/Air       100%       N/A       1%          3
f - Kindle Blastsparks    Fire/Tloc/Air  100%       2d18      1%          3
g - Airstrike             Air            25%        2d(4-20)  1%          4
h - Animate Dead          Necr           60%        N/A       1%          4
i - Dispel Undead         Necr           60%        3d21      1%          4
j - Dispersal             Tloc           33%        N/A       1%          6
k - Summon Forest         Summ/Tloc      28%        N/A       1%          5
l - Gell's Gravitas       Tloc           66%        N/A       1%          3
m - Borgnjor's Vile Clut  Necr/Erth      20%        N/A       16%         5

Your spell library contained the following spells:

 Spells                   Type           Power      Damage    Failure   Level
 Kiss of Death            Conj/Necr      100%       2d13      1%          1
 Magic Dart               Conj           100%       1d8       1%          1
 Summon Small Mammal      Summ           100%       N/A       1%          1
 Call Imp                 Summ           46%        N/A       1%          2
 Cigotuvi's Dreadful Rot  Necr/Pois/Air  86%        N/A       1%          2
 Sublimation of Blood     Necr           60%        N/A       1%          2
 Call Canine Familiar     Summ           46%        N/A       1%          3
 Teleport Other           Tloc           66%        N/A       1%          3
 Passage of Golubria      Tloc           66%        N/A       1%          4
 Scorch                   Fire           64%        2d8       2%          2
 Searing Ray              Conj           64%        2d6       2%          2
 Summon Lightning Spire   Summ/Air       48%        N/A       2%          4
 Mephitic Cloud           Conj/Pois/Air  32%        N/A       4%          3
 Death Channel            Necr           30%        N/A       4%          6
 Summon Guardian Golem    Hex/Summ       30%        N/A       5%          3
 Anguish                  Hex/Necr       20%        N/A       5%          4
 Sandblast                Erth           30%        2d9       11%         1
 Inner Flame              Hex/Fire       23%        N/A       13%         3
 Stone Arrow              Conj/Erth      48%        3d10      13%         3
 Arcjolt                  Conj/Air       20%        1d30      14%         5
 Lightning Bolt           Conj/Air       20%        1d35      14%         5
 Flame Wave               Conj/Fire      32%        2d9       16%         4
 Sticky Flame             Conj/Fire      32%        2d5       16%         4
 Ensorcelled Hibernation  Hex/Ice        30%        N/A       19%         2
 Passwall                 Tmut/Erth      12%        N/A       19%         2
 Ignite Poison            Fire/Tmut/Pois 20%        N/A       19%         3
 Summon Ice Beast         Ice/Summ       30%        N/A       19%         4
 Confusing Touch          Hex            15%        N/A       36%         3
 Frozen Ramparts          Ice            30%        1d5       36%         3
 Ozocubu's Armour         Ice            15%        N/A       36%         3
 Spider Form              Tmut/Pois      15%        N/A       36%         3
 Tukima's Dance           Hex            15%        N/A       36%         3
 Malign Gateway           Summ/Tloc      28%        N/A       36%         7
 Summon Cactus Giant      Summ           23%        N/A       38%         6
 Fulminant Prism          Conj/Hex       11%        3d9       41%         4
 Summon Mana Viper        Hex/Summ       30%        N/A       45%         5
 Disjunction              Tloc           33%        N/A       45%         8
 Haunt                    Necr/Summ      27%        N/A       56%         7
 Conjure Ball Lightning   Conj/Air       20%        3x3d6     63%         6
 Simulacrum               Ice/Necr       20%        N/A       65%         6
 Petrify                  Tmut/Erth      15%        N/A       75%         4
 Cause Fear               Hex            7%         N/A       77%         4
 Ice Form                 Ice/Tmut       15%        N/A       77%         4
 Irradiate                Conj/Tmut      11%        3d15      77%         5
 Borgnjor's Revivificati  Necr           30%        N/A       86%         8
 Infestation              Necr           30%        N/A       86%         8
 Monstrous Menagerie      Summ           23%        N/A       92%         7
 Alistair's Intoxication  Tmut/Pois      10%        N/A       98%         5
 Blade Hands              Tmut           7%         N/A       98%         5
 Metabolic Englaciation   Hex/Ice        7%         N/A       98%         5
 Yara's Violent Unravell  Hex/Tmut       7%         3d5       98%         5
 Statue Form              Tmut/Erth      10%        N/A       100%        6
 Dragon Form              Tmut           7%         N/A       100%        7
 Enfeeble                 Hex            7%         N/A       100%        7
 Ozocubu's Refrigeration  Ice            7%         4d9       100%        7
 Discord                  Hex            7%         N/A       100%        8
 Lehudib's Crystal Spear  Conj/Erth      12%        10d4      100%        8
 Maxwell's Capacitive Co  Air            25%        ∞         100%        8
 Necromutation            Tmut/Necr      20%        N/A       100%        8
 Summon Horrible Things   Summ           23%        N/A       100%        8
 Chain Lightning          Conj/Air       20%        3d27      100%        9
 Death's Door             Necr           30%        N/A       100%        9
 Dragon's Call            Summ           23%        N/A       100%        9


Dungeon Overview and Level Annotations

Branches:
Dungeon (15/15)            Temple (1/1) D:7            Lair (5/5) D:10
 Shoals (4/4) Lair:3        Snake (4/4) Lair:3        Slime (5/5) Lair:5
    Orc (2/2) D:12            Elf (3/3) Orc:2        Vaults (5/5) D:14
  Crypt (3/3) Vaults:2       Tomb (0/3) Crypt:3      Depths (4/4) D:15
   Hell (visited)             Dis (0/7) Hell            Geh (0/7) Hell
    Coc (4/7) Hell            Tar (0/7) Hell            Zot (5/5) Depths:4
Volcano (visited)

Altars:
Cheibriados
Dithmenos
Fedhas
Gozag
Hepliaklqana
Kikubaaqudgha
Makhleb
Nemelex Xobeh
Okawaru
Qazlal
Ru
Trog
Uskayaw
Vehumet
Yredelemnul
Zin
The Shining One
Jiyva

Shops:
D:15 :[(*=   Orc:1 *   Orc:2 *![[   Elf:2 =*   Elf:3 (   Shoals:1 !
Shoals:2 *([!!   Shoals:4 ?   Snake:2 !   Snake:3 ?   Vaults:1 :   Vaults:2 ??

Portals:
Hell: Depths:1 Depths:2 Depths:3 Depths:4
Abyss: Depths:2 Depths:3 Depths:4
Pandemonium: Depths:2 Depths:4

Annotations:
D:3 Sigmund
Depths:1 4 transporters
Depths:4 1 transporter
Zot:1 3 runed translucent doors, exclusion: obsidian statue, SprigganGuy's ghost, veteran SpHs


Innate Abilities, Weirdness & Mutations

You have razor-sharp teeth.
Your natural rate of healing is unusually fast.
When hurt, damage is shared between your health and your magic reserves.
Your bite disrupts and absorbs the magic of your enemies.
Potions cannot restore your health.
Armour fits poorly on your strangely shaped body.
You are somewhat resistant to further mutation.


Message History

* * * LOW HITPOINT WARNING * * *
The seracfall engulfs the shard shrike simulacrum!!
The shard shrike simulacrum partially resists.
The seracfall engulfs the Ice Fiend!!
The Ice Fiend partially resists.
Blink to where?
Press: ? - help, Dir - move target 2 elemental wellsprings and 2 harpy simulacra come into view.
As you read the scroll of blinking, it crumbles to dust.
A quicksilver dragon simulacrum comes into view.
Water spirits pour forth from the elemental wellspring!
The elemental wellspring moves out of view.
It's too cold; everything's frozen solid!
Unknown command.
Blink to where?
Press: ? - help, Dir - move target An azure jelly, a wendigo, 2 Ice Fiends and 3 simulacra come into view.
As you read the scroll of blinking, it crumbles to dust.
The azure jelly quivers.
A titan comes into view.
The wendigo fires a burst of electricity at you.
The stunning burst hits you.
You suddenly lose the ability to move!
* * * LOW HITPOINT WARNING * * *
Water spirits pour forth from the elemental wellspring!
A juggernaut simulacrum comes into view.
You can move again.
Okay, then.
You puncture the Ice Fiend!
You bite the Ice Fiend, but do no damage.
The Ice Fiend is lightly wounded.
You block the harpy simulacrum's attack.
You riposte.
You puncture the harpy simulacrum! You bite the harpy simulacrum!
The harpy simulacrum vaporises!
The Ice Fiend closely misses you.
You riposte.
You puncture the Ice Fiend! Your bite misses the Ice Fiend.
The Ice Fiend is moderately wounded.
You block the Ice Fiend's attack.
The wendigo gestures.
The quicksilver dragon simulacrum collapses into a mass of ice!
The mass of ice explodes!
The seracfall engulfs you!! You partially resist.
You die...

######### ≈.....≈≈#
≈ #....≈≈≈## ≈≈≈
.C..≈≈≈≈≈#≈≈≈≈Z
....Z≈1@≈≈≈○≈≈≈≈#..
≈#...Z≈.○..≈......##
≈≈...J.Z..≈≈≈......#
≈...R..#...≈~E≈≈~#~#
≈≈..####...~Z≈≈≈≈~≈#
≈≈≈. ~1≈≈≈E~E≈E≈≈#
≈≈≈ ≈≈≈E≈~E#≈.≈≈#
≈≈≈.≈≈≈E≈≈≈≈#Z..#
#Z#≈≈≈≈≈ #≈~..##


You could see a titan, 2 Ice Fiends, a wendigo, an azure jelly, an elemental
wellspring, 4 water elementals, an anaconda simulacrum, a harpy simulacrum, a
spriggan defender simulacrum, a shard shrike simulacrum and 2 juggernaut
simulacra.

Vanquished Creatures
  Dissolution (Slime:5)
  the Royal Jelly (Slime:5)
  3 dread liches
  4 ancient liches
  An orb of fire (Zot:1)
  Mennas (Depths:3)
  The ghost of Avulumm the Impregnable, a veteran MiGl of Hepliaklqana (Crypt:1)
  Sojobo (Depths:2)
  Saint Roka (Snake:2)
  Vv (Depths:2)
  4 Killer Klowns
  Frederick (Depths:4)
  3 shard shrikes (Hell)
  A curse toe (Zot:3)
  Geryon (Hell)
  7 golden dragons
  A bone dragon (Crypt:3)
  A pandemonium lord (Zig:8)
  21 tentacled monstrosities
  Jorgrun (Elf:1)
  6 liches
  3 Ice Fiends
  11 titans
  A walking crystal tome (Depths:4)
  Rupert (Lair:4)
  A walking earthen tome (Depths:3)
  3 deep elf blademasters
  2 deep elf master archers (Elf:3)
  7 quicksilver dragons
  27 acid blobs
  2 walking divine tomes
  An Executioner (Zig:10)
  An eldritch tentacle (Zig:8)
  5 ancient champions
  Polyphemus (Shoals:4)
  8 sphinxes
  8 death cobs
  12 storm dragons
  12 shadow dragons
  9 tengu reavers
  3 revenants
  19 nagarajas
  9 azure jellies
  Ilsuiw (Shoals:3)
  7 draconian monks
  14 rockslimes
  9 draconian knights
  6 narguns
  8 deep elf sorcerers
  10 fire giants
  24 vault wardens
  11 frost giants
  A ghost moth (Zot:2)
  Aizul (Elf:1)
  A shard shrike simulacrum (Coc:3)
  2 iron dragons
  2 balrugs (Hell)
  5 draconian scorchers
  3 orc warlords
  5 draconian shifters
  Louise (Shoals:2)
  2 curse skulls
  8 ghouls
  3 deep elf elementalists (Elf:3)
  3 spriggan defenders
  13 quicksilver oozes
  A caustic shrike skeleton (Crypt:2)
  4 draconian stormcallers
  19 ironbound preservers
  5 draconian annihilators
  14 very ugly things
  7 war gargoyles
  19 stone giants
  6 deep elf demonologists
  4 elemental wellsprings
  7 ironbound thunderhulks
  19 vampire knights
  3 reapers (Hell)
  12 green draconians
  12 yellow draconians
  A bunyip (shapeshifter) (Vaults:5)
  A wendigo (Coc:2)
  9 black draconians
  2 dire elephants
  4 lorocyprocas (Hell)
  4 deep elf annihilators
  7 purple draconians
  8 red draconians
  8 white draconians
  10 spark wasps
  3 eidola
  3 iron golems
  16 deep elf death magi
  6 crystal guardians
  Snorg (Lair:4)
  7 merfolk javelineers
  A quicksilver dragon zombie (Crypt:3)
  2 blizzard demons
  5 jiangshi
  10 ettins
  6 merfolk impalers
  8 fire dragons
  A great orb of eyes (shapeshifter) (Vaults:4)
  9 spriggan zombies
  5 deep elf high priests
  Josephine (Snake:1)
  10 spriggan air magi
  13 great orbs of eyes
  3 rakshasas
  A green death (Hell)
  A salamander tyrant (Snake:4)
  A hydra (shapeshifter) (Vaults:5)
  11 yaktaur captains
  45 vault guards
  14 ice dragons
  2 spriggan skeletons (Crypt:3)
  7 hydras
  3 caustic shrike simulacra
  3 hell beasts (Hell)
  3 peacekeepers
  3 merfolk avatars
  6 ogre magi
  3 juggernaut simulacra
  A jorogumo (shapeshifter) (Zig:8)
  7 centaur warriors
  2 death knights
  13 anacondas
  8 ironbound frosthearts
  34 dancing weapons
  An anaconda (shapeshifter) (Depths:2)
  7 merfolk aquamancers
  6 boulder beetles
  A catoblepas (Lair:1)
  22 two-headed ogres
  A radroach (shapeshifter) (Depths:1)
  9 death yaks
  7 deep troll shamans
  An alligator snapping turtle (Shoals:4)
  An orc high priest (Vaults:1)
  A satyr (Shoals:4)
  5 hell hogs (Hell)
  8 shock serpents
  15 vampire magi
  14 naga warriors
  5 deep troll earth magi
  4 tengu warriors
  5 spriggan berserkers
  Urug (D:11)
  16 deep elf knights
  8 soul eaters
  3 titan zombies
  A shock serpent (shapeshifter) (Depths:4)
  10 naga sharpshooters
  15 hell knights
  An emperor scorpion zombie (Crypt:2)
  19 sun demons
  2 titan skeletons
  3 shadow wraiths
  11 iron trolls
  22 skeletal warriors
  A spark wasp zombie (Crypt:1)
  A golden dragon zombie (Crypt:3)
  A shadow demon (Depths:2)
  2 quicksilver dragon simulacra
  5 anaconda zombies
  8 flayed ghosts
  4 salamander mystics
  51 deep trolls
  10 sea snakes
  5 lindwurms
  A bunyip zombie (Hell)
  A deep troll (shapeshifter) (Vaults:5)
  A storm dragon skeleton (Crypt:3)
  A bunyip skeleton (Crypt:1)
  8 glowing orange brains
  9 deep elf archers
  10 naga ritualists
  A glowing orange brain (shapeshifter) (Vaults:2)
  9 phantasmal warriors
  21 necromancers
  6 wizards
  20 harpies
  22 ironbound convokers
  4 spriggan simulacra
  2 anaconda skeletons (Hell)
  2 bog bodies
  28 deep elf pyromancers
  Pikel (D:6)
  10 mana vipers
  21 deep elf zephyrmancers
  A sphinx zombie (Vaults:2)
  A wolf spider (Vaults:5)
  An eleionoma zombie (Crypt:2)
  15 manticores
  14 orc knights
  4 orc sorcerers
  7 shining eyes
  4 oklob plants (Lair:5)
  21 salamanders
  12 moths of wrath
  A faun (shapeshifter) (Vaults:4)
  4 fauns
  31 ugly things
  12 elephants (Lair:5)
  An ice statue (Hell)
  A stone giant skeleton (Hell)
  4 cyclopes
  43 black mambas
  14 merfolk sirens
  5 guardian serpents
  A titan simulacrum (Coc:3)
  A water nymph (shapeshifter) (Vaults:2)
  A dire elephant zombie (Hell)
  2 rust devils
  Joseph (D:9)
  19 naga magi
  3 water nymphs
  17 vault sentinels
  Maurice (D:9)
  A gargoyle (D:14)
  14 cane toads
  11 smoke demons
  6 orange demons (D:14)
  A torpor snail (Lair:2)
  4 eyes of devastation
  4 rime drakes
  3 centaur skeletons
  A sea snake zombie (Hell)
  Psyche (D:9)
  4 hellions
  Maggie (D:6)
  5 molten gargoyles (Hell)
  A cane toad (shapeshifter) (D:13)
  50 yaktaurs
  A swamp worm zombie (Crypt:2)
  A yellow draconian zombie (Zot:1)
  A minotaur zombie (Crypt:2)
  9 komodo dragons
  An anaconda simulacrum (Coc:1)
  An efreet (D:14)
  8 freezing wraiths
  2 bunyip simulacra (Coc:1)
  3 tengu conjurers
  A tormentor (Coc:1)
  A kobold demonologist (D:12)
  2 unseen horrors (D:12)
  An iron giant simulacrum (Coc:2)
  2 red devils (D:14)
  3 hydra zombies
  10 ice devils
  A yaktaur skeleton (Vaults:3)
  A harpy zombie (Hell)
  12 trolls
  3 shadow dragon simulacra
  10 wind drakes
  6 meliai
  8 polar bears
  5 hornets
  110 slime creatures
  A human zombie (Vaults:2)
  3 harpy skeletons
  36 merfolk
  Grinder (D:6)
  22 blink frogs
  14 dream sheep
  2 alligator zombies (Hell)
  11 snapping turtles
  2 frost giant simulacra
  A centaur simulacrum (D:12)
  4 spriggans
  4 shadows
  2 air elementals
  A ynoxinul (Depths:2)
  2 naga simulacra
  10 wraiths
  30 flying skulls
  2 ettin skeletons (Orc:1)
  29 water elementals
  A black mamba skeleton (Crypt:1)
  2 dire elephant simulacra (Coc:2)
  3 basilisks
  2 hogs (Shoals:4)
  3 wyverns
  A human (shapeshifter) (D:13)
  A chaos spawn (Depths:2)
  2 fire elementals (Elf:3)
  3 golden eyes
  52 yaks
  3 fire bats (Lair:3)
  3 alligator snapping turtle simulacra
  2 redbacks (shapeshifter)
  2 steam dragons (Lair:5)
  Menkaure (D:5)
  5 wargs
  Edmund (D:6)
  2 acid dragons
  7 harpy simulacra
  39 nagas
  A glowing shapeshifter skeleton (Vaults:2)
  A hydra simulacrum (Coc:1)
  A floating eye (Depths:4)
  A swamp drake (D:12)
  42 orc warriors
  A sky beast (D:5)
  13 water moccasins
  A deep troll skeleton (Crypt:2)
  2 ice beasts
  An ettin simulacrum (Coc:2)
  5 black bears
  A black mamba simulacrum (Coc:1)
  A tengu (D:12)
  24 ogres
  21 wolves
  7 centaurs
  2 human skeletons
  5 kobold brigands
  21 bullfrogs
  Blork the orc (D:5)
  A gnoll sergeant (D:7)
  9 necrophages
  A cyclops zombie (Orc:1)
  15 wights
  2 warg zombies (Orc:1)
  A cyclops skeleton (Orc:1)
  9 killer bees
  2 howler monkeys
  A crimson imp (D:9)
  2 hounds
  2 gnoll boudas
  A bullfrog skeleton (Crypt:1)
  A jelly (D:5)
  20 orc priests
  Ijyb (D:3)
  An iron imp (D:9)
  Jessica (D:3)
  6 iguanas
  27 orc wizards
  2 naga skeletons
  An ogre skeleton (Crypt:2)
  An acid dragon skeleton (Crypt:1)
  4 adders
  14 gnolls
  2 orc zombies (Orc:1)
  3 shadow imps
  A white imp (D:9)
  3 orc simulacra (Orc:1)
  A lava snake zombie (Crypt:1)
  A worm zombie (Crypt:1)
  A worm (D:5)
  4 dart slugs
  85 orcs
  4 ball pythons
  3 endoplasms
  3 giant cockroaches
  6 hobgoblins
  3 jackals (D:1)
  14 kobolds
  2 quokkas
  5 bats
  2 frilled lizards
  A frilled lizard zombie (Crypt:1)
  9 goblins
  A goblin skeleton (Crypt:2)
  A hobgoblin zombie (Crypt:1)
  A jackal zombie (Crypt:2)
  3 rats
2603 creatures vanquished.

Vanquished Creatures (collateral kills)
  A tentacled monstrosity (Zot:1)
  A quicksilver dragon (Zot:4)
  Kirke (Shoals:4)
  A shadow dragon (Zot:4)
  A draconian scorcher (Zot:1)
  A draconian stormcaller (Zot:3)
  A white draconian (Zot:1)
  A catoblepas (Shoals:4)
  2 death yaks (Shoals:4)
  A moth of wrath (Zot:3)
  An apocalypse crab (Zig:8)
  3 chaos spawn (Zig:8)
  A hydra simulacrum (Coc:2)
16 creatures vanquished.

Vanquished Creatures (others)
  A dread lich (Vaults:5)
  A nargun (Coc:2)
  A draconian knight (Zot:4)
  A draconian annihilator (Zot:4)
  A black draconian (Zot:2)
  A fire dragon (Zot:3)
  A merfolk impaler (Shoals:4)
  2 caustic shrike simulacra
  A spriggan air mage (Depths:2)
  A storm dragon zombie (Zot:1)
  A quicksilver dragon simulacrum (Coc:4)
  A deep elf pyromancer (D:12)
  4 draconian zombies
  A frost giant zombie (Depths:4)
  2 white draconian zombies
  3 yellow draconian zombies
  A black draconian zombie (Zot:2)
  A moth of wrath zombie (Zot:1)
  A deep troll zombie (Depths:4)
  A slime creature (Slime:2)
  An iron dragon simulacrum (Coc:4)
  2 humans (Shoals:4)
  2 harpy simulacra (Coc:4)
  A swamp drake (D:9)
  An ice dragon simulacrum (Coc:2)
  2 orc wizards (D:9)
  6 orcs
  2 kobolds (D:9)
  A bush (Lair:5)
  49 fungi
  117 plants
  A snaplasher vine (Zig:8)
212 creatures vanquished.

Grand Total: 2831 creatures vanquished

Notes
Turn   | Place    | Note
-------+----------+-------------------------------------------
     0 | D:1      | Zonian the Vine Stalker Brigand began the quest for the
                  | Orb.
     0 | D:1      | Reached XP level 1. HP: 11/11 MP: 2/2
   271 | D:1      | Reached skill level 1 in Dodging
   271 | D:1      | Reached XP level 2. HP: 13/15 MP: 1/3
   276 | D:1      | Reached skill level 5 in Stealth
   395 | D:1      | Found a faded altar of an unknown god.
  1167 | D:2      | Reached XP level 3. HP: 18/18 MP: 4/4
  1675 | D:2      | Identified the +3 sling of the Vine {flame, Fragile Int+4
                  | Dex+2}
  2068 | D:3      | Gained mutation: Your natural rate of healing is unusually
                  | fast. [Vine Stalker growth]
  2068 | D:3      | Reached XP level 4. HP: 9/23 MP: 2/5
  2198 | D:3      | Identified the +0 mace "Udarag" {vorpal, rElec}
  2212 | D:3      | Found a sparkling altar of Nemelex Xobeh.
  2246 | D:3      | Noticed Jessica
  2257 | D:3      | Killed Jessica
  2401 | D:3      | Found a basalt altar of Yredelemnul.
  2401 | D:3      | Found a glowing silver altar of Zin.
  2402 | D:3      | Found a burning altar of Makhleb.
  2404 | D:3      | Found a stormy altar of Qazlal.
  2406 | D:3      | Found a hazy altar of Hepliaklqana.
  2407 | D:3      | Found a bloodstained altar of Trog.
  2608 | D:3      | Identified the +1 robe of Starshine {rPois Dex-2 Archmagi}
  2669 | D:3      | Noticed Sigmund
  3174 | D:4      | Reached XP level 5. HP: 20/28 MP: 4/6
  3276 | D:4      | Noticed a steam dragon
  3649 | D:4      | Identified the +0 ring mail of Conscience {rN+ rCorr Str+5}
  4024 | D:4      | Reached XP level 6. HP: 32/32 MP: 7/7
  4381 | D:3      | Noticed Ijyb
  4392 | D:3      | Killed Ijyb
  4844 | D:5      | Entered Level 5 of the Dungeon
  5082 | D:5      | Noticed Menkaure
  5089 | D:5      | Killed Menkaure
  5090 | D:5      | Reached XP level 7. HP: 19/37 MP: 4/8
  5988 | D:5      | Noticed Blork the orc
  6002 | D:5      | Killed Blork the orc
  6003 | D:5      | Gained mutation: You have razor-sharp teeth. [Vine Stalker
                  | growth]
  6003 | D:5      | Reached XP level 8. HP: 41/42 MP: 7/9
  6203 | D:5      | Reached skill level 5 in Fighting
  6203 | D:5      | Reached skill level 5 in Short Blades
  7147 | D:6      | Noticed Grinder
  7151 | D:6      | Killed Grinder
  7225 | D:6      | Noticed Edmund
  7228 | D:6      | Killed Edmund
  7229 | D:6      | Reached XP level 9. HP: 48/48 MP: 10/10
  7269 | D:6      | Noticed Maggie
  7275 | D:6      | Killed Maggie
  7339 | D:6      | Reached skill level 10 in Stealth
  7607 | D:6      | Noticed Pikel
  7634 | D:6      | Killed Pikel
  8354 | D:7      | Found a staircase to the Ecumenical Temple.
  8359 | Temple   | Entered the Ecumenical Temple
  8383 | Temple   | Became a worshipper of Uskayaw the Reveller
  8468 | D:7      | Reached * piety under Uskayaw
  8537 | D:7      | Reached ** piety under Uskayaw
  8540 | D:7      | Reached *** piety under Uskayaw
  8584 | D:7      | Found a shadowy altar of Dithmenos.
  8623 | D:7      | Reached XP level 10. HP: 55/55 MP: 11/11
  8951 | D:8      | Reached **** piety under Uskayaw
  8956 | D:8      | Reached ***** piety under Uskayaw
  9785 | D:9      | Noticed Maurice
  9832 | D:9      | Killed Maurice
  9968 | D:9      | Reached ****** piety under Uskayaw
 10153 | D:9      | Noticed a deep elf zephyrmancer
 10353 | D:9      | Killed a deep elf zephyrmancer
 10545 | D:9      | Noticed Psyche
 10555 | D:9      | Killed Psyche
 10556 | D:9      | Reached XP level 11. HP: 62/62 MP: 12/12
 10812 | D:9      | Identified the +1 robe of Hydusag {rPois rF+ rC+ rN+}
 10830 | D:9      | Noticed a deep elf pyromancer
 10833 | D:9      | Killed a deep elf pyromancer
 10865 | D:9      | Noticed Joseph
 10872 | D:9      | Killed Joseph
 11106 | D:10     | Entered Level 10 of the Dungeon
 11168 | D:10     | Reached skill level 10 in Fighting
 11675 | D:10     | Found a staircase to the Lair.
 11849 | Lair:1   | Entered Level 1 of the Lair of Beasts
 11861 | Lair:1   | Noticed an eight-headed hydra
 11877 | Lair:1   | Killed an eight-headed hydra
 11878 | Lair:1   | Reached skill level 15 in Stealth
 12194 | Lair:1   | Noticed a catoblepas
 12663 | Lair:1   | Killed a catoblepas
 12664 | Lair:1   | Reached skill level 1 in Invocations
 12725 | Lair:1   | Reached XP level 12. HP: 50/70 MP: 8/14
 13211 | Lair:2   | Noticed a boulder beetle
 13235 | Lair:2   | Killed a boulder beetle
 13366 | Lair:2   | Noticed a death yak
 13963 | Lair:2   | Reached skill level 5 in Invocations
 14167 | Lair:2   | Noticed a death yak
 14176 | Lair:2   | Killed a death yak
 14180 | Lair:2   | Killed a death yak
 14573 | Lair:3   | Reached XP level 13. HP: 76/76 MP: 16/18
 14732 | Lair:3   | Found a staircase to the Snake Pit.
 14858 | Lair:3   | Found a dark tunnel.
 14869 | Volcano  | Entered a volcano
 15287 | Lair:3   | Found a staircase to the Shoals.
 16004 | Lair:4   | Noticed Snorg
 16011 | Lair:4   | Killed Snorg
 16012 | Lair:4   | Reached skill level 1 in Evocations
 16167 | Lair:4   | Identified the +6 fire dragon scales of Giygoass {rElec
                  | rPois rF++ rC- Int+4}
 16225 | Lair:4   | Noticed Rupert
 16516 | Lair:4   | Killed Rupert
 16720 | Lair:5   | Entered Level 5 of the Lair of Beasts
 17182 | Lair:5   | Reached skill level 5 in Evocations
 17348 | Lair:5   | Reached XP level 14. HP: 81/84 MP: 17/19
 17505 | Lair:5   | Reached skill level 15 in Fighting
 20018 | D:11     | Noticed Urug
 20040 | D:11     | Killed Urug
 20127 | D:11     | Identified the +8 chain mail "Tocoko" {rElec rC+ Dex+2}
 21457 | D:12     | Reached XP level 15. HP: 82/93 MP: 17/20
 22129 | D:12     | Reached skill level 5 in Dodging
 22872 | D:12     | Found a staircase to the Orcish Mines.
 23741 | Orc:1    | Entered Level 1 of the Orcish Mines
 24265 | Orc:1    | Found Muf Yse's General Store.
 24274 | Orc:1    | Bought a +0 buckler for 58 gold pieces
 24274 | Orc:1    | Bought a scroll of teleportation for 39 gold pieces
 24274 | Orc:1    | Bought a wand of iceblast (5) for 156 gold pieces
 24441 | Orc:2    | Entered Level 2 of the Orcish Mines
 24457 | Orc:2    | Reached skill level 1 in Shields
 24547 | Orc:2    | Reached skill level 5 in Shields
 24837 | Orc:2    | Found Curuc's Distillery.
 24839 | Orc:2    | Found Wots's Armour Shop.
 24859 | Orc:2    | Found Ukihail's Assorted Antiques.
 24860 | Orc:2    | Found Impir's Armour Shoppe.
 24862 | Orc:2    | Bought the +2 shield of Resistance {rF++ rC++ Will++} for
                  | 846 gold pieces
 24862 | Orc:2    | Bought the +3 helmet "Gakluus" {Slay+2 SInv} for 469 gold
                  | pieces
 24862 | Orc:2    | Bought the +1 pair of boots of Houproc {rPois rCorr Dex-3}
                  | for 240 gold pieces
 24862 | Orc:2    | Found the +2 shield of Resistance {rF++ rC++ Will++}
 24942 | Orc:2    | Bought a scroll of blinking for 225 gold pieces
 25159 | Orc:2    | Reached skill level 1 in Armour
 25395 | Orc:2    | Found a staircase to the Elven Halls.
 25609 | Orc:1    | Found a runed translucent door.
 25783 | Orc:2    | Bought the +0 pair of fencer's gloves {Riposte Dex+3} for
                  | 480 gold pieces
 25783 | Orc:2    | Found the +0 pair of fencer's gloves {Riposte Dex+3}
 26381 | Snake:1  | Entered Level 1 of the Snake Pit
 26494 | Snake:1  | Reached XP level 16. HP: 72/99 MP: 17/21
 26602 | Snake:1  | Learned a level 2 spell: Blink
 26624 | Snake:1  | Noticed Josephine
 26640 | Snake:1  | Killed Josephine
 26644 | Snake:1  | Reached skill level 1 in Translocations
 26892 | Snake:1  | Found a shadowy altar of Dithmenos.
 27187 | Snake:2  | Found the +8 autumn katana {vorpal, manifold assault}
 27730 | Snake:2  | Found Fuyjujenai's Distillery.
 27902 | Snake:2  | Reached skill level 5 in Armour
 28007 | Snake:2  | Reached skill level 1 in Long Blades
 28349 | Snake:2  | Noticed Saint Roka
 28367 | Snake:2  | Killed Saint Roka
 28698 | Snake:3  | Noticed a nagaraja
 28861 | Snake:3  | Noticed a nagaraja
 28870 | Snake:3  | Identified the ring "Woeziff" {rN+ Will- rCorr Int+6 Dex+5}
 28917 | Snake:3  | Reached skill level 5 in Long Blades
 28968 | Snake:3  | Noticed a nagaraja
 29026 | Snake:3  | Found a stormy altar of Qazlal.
 29333 | Snake:3  | Identified the +3 flail of Plunder {flame, *Slow rC+ MP+9
                  | Dex+5}
 29425 | Snake:3  | Killed a nagaraja
 29426 | Snake:3  | Reached XP level 17. HP: 84/103 MP: 22/22
 29548 | Snake:3  | Found Foizix's Magic Scroll Shop.
 30176 | Orc:2    | Bought a scroll labelled TOITWACOITH for 30 gold pieces
 30478 | Snake:4  | Entered Level 4 of the Snake Pit
 31535 | Snake:4  | Reached skill level 10 in Long Blades
 33295 | Snake:4  | Reached skill level 5 in Translocations
 34317 | Snake:4  | Reached skill level 10 in Shields
 34379 | Snake:4  | Reached skill level 1 in Spellcasting
 34402 | Snake:4  | Reached XP level 18. HP: 74/108 MP: 23/23
 34476 | Snake:4  | Got a serpentine rune of Zot
 34932 | Shoals:1 | Entered Level 1 of the Shoals
 35465 | Shoals:1 | Found Romevuf's Distillery.
 35571 | Shoals:2 | Found Imum's Armour Shoppe.
 35602 | Shoals:2 | Noticed Louise
 35615 | Shoals:2 | Killed Louise
 35683 | Shoals:2 | Reached skill level 5 in Spellcasting
 35726 | Shoals:2 | Found Liotor's Weapon Shoppe.
 35859 | Shoals:2 | Found Ytakikk's General Store.
 35870 | Shoals:2 | Bought a scroll of blinking for 135 gold pieces
 36399 | Shoals:3 | Noticed Ilsuiw
 36427 | Shoals:3 | Killed Ilsuiw
 37090 | Shoals:3 | Learned a level 3 spell: Lesser Beckoning
 37255 | Shoals:4 | Entered Level 4 of the Shoals
 37269 | Shoals:4 | Noticed Kirke
 37281 | Shoals:4 | Killed Kirke
 37687 | Shoals:4 | Identified the ring "Disorr" {Int+2 Slay+3 SInv}
 37746 | Shoals:4 | Found Epneog's Magic Scroll Shoppe.
 37840 | Shoals:4 | Reached XP level 19. HP: 87/112 MP: 22/29
 37860 | Shoals:4 | Got a barnacled rune of Zot
 37950 | Shoals:4 | Noticed Polyphemus
 37962 | Shoals:4 | Killed Polyphemus
 38051 | Shoals:4 | Bought a scroll of enchant weapon for 142 gold pieces
 38172 | Shoals:2 | Found Buatess's Distillery.
 38254 | Shoals:2 | Reached skill level 10 in Invocations
 38256 | Shoals:2 | Found Qecoj's Distillery.
 38708 | Elf:1    | Entered Level 1 of the Elven Halls
 38746 | Elf:1    | Noticed Jorgrun
 38748 | Elf:1    | Killed Jorgrun
 38849 | Elf:1    | Noticed Aizul
 38861 | Elf:1    | Killed Aizul
 38909 | Elf:1    | Paralysed by an air elemental for 1 turns
 39004 | Elf:1    | Reached skill level 10 in Short Blades
 39597 | Elf:2    | Found Koptyph's Jewellery Boutique.
 39597 | Elf:2    | Found the +3 crown of Dyrovepreva {rElec Int+2 SInv}
 39636 | Elf:2    | Found Ecileneliy's General Store.
 39641 | Elf:2    | Bought a lightning rod (4/4) for 360 gold pieces
 39889 | Elf:2    | Found a runed translucent gate.
 39889 | Elf:2    | Found a runed translucent gate.
 39889 | Elf:2    | Found a runed translucent gate.
 40997 | Elf:3    | Entered Level 3 of the Elven Halls
 41321 | Elf:3    | Reached XP level 20. HP: 118/118 MP: 30/30
 41365 | Elf:3    | Found Keyng's Weapon Emporium.
 42272 | Elf:3    | Identified the +8 trident of Qivofozu {flame, rCorr Str+8
                  | Int+2 Dex-2}
 42938 | Elf:3    | Got the Book of Shapes and the Pyromaniac
 42945 | Elf:3    | Identified the +1 tower shield "Wifoc" {-Tele Fly Dex+2}
 43044 | Elf:3    | Got the Directory of Cunning Calefaction
 43051 | Elf:3    | Identified the +2 helmet "Xurash" {rPois Slay+3 Stlth+}
 43061 | Elf:3    | Got Yworepp's Volume of the Tempest
 43082 | Elf:3    | Identified the +5 chain mail of True Grit {Drain rPois
                  | Str+3 SInv}
 44365 | D:14     | Identified the +11 trident "Killer Bee's Foe" {flame, rElec
                  | rF++ Will+++ Int-4}
 44478 | D:14     | Found a gate to the Vaults.
 44779 | D:15     | Entered Level 15 of the Dungeon
 44901 | D:15     | Found Usiupapa's Armour Boutique.
 44904 | D:15     | Found Foipodosk's General Store.
 44904 | D:15     | Found Sibrill's Weapon Emporium.
 44940 | D:15     | Reached skill level 5 in Throwing
 44982 | D:15     | Bought a scarf of resistance for 512 gold pieces
 45020 | D:15     | Found Adabe's Book Shop.
 45171 | D:15     | Found Citubu's Jewellery Shoppe.
 45346 | D:15     | Found a hazy altar of Hepliaklqana.
 45419 | D:15     | Found a staircase to the Depths.
 45871 | Lair:5   | Found a staircase to the Slime Pits.
 46178 | Vaults:1 | Entered Level 1 of the Vaults
 46282 | Vaults:1 | Reached skill level 10 in Translocations
 46309 | Vaults:1 | Learned a level 1 spell: Apportation
 46312 | Vaults:1 | Learned a level 2 spell: Momentum Strike
 46316 | Vaults:1 | Learned a level 3 spell: Vhi's Electric Charge
 46398 | Vaults:1 | Reached skill level 1 in Conjurations
 46398 | Vaults:1 | Reached skill level 1 in Air Magic
 46635 | Vaults:1 | Reached XP level 21. HP: 122/122 MP: 33/33
 46769 | Vaults:1 | Identified the +3 flail of Mandamus {protect, rN+}
 47206 | Vaults:1 | Found Irohes's Book Boutique.
 47786 | Vaults:2 | Reached skill level 10 in Evocations
 47985 | Vaults:2 | Found Puvia's Magic Scroll Boutique.
 48833 | Vaults:2 | Noticed a golden dragon
 48842 | Vaults:2 | Killed a golden dragon
 48870 | Vaults:2 | Reached skill level 5 in Air Magic
 48891 | Vaults:2 | Reached skill level 5 in Conjurations
 49058 | Vaults:2 | Found a staircase to the Crypt.
 49286 | Vaults:2 | Found Ihisipp's Magic Scroll Boutique.
 49506 | Vaults:3 | Upgraded the game from 0.30-a0-222-ge547ba4400 to
                  | 0.30-a0-223-gcb0039aa0c
 49713 | Vaults:3 | Reached skill level 10 in Spellcasting
 50072 | Vaults:3 | Reached XP level 22. HP: 127/127 MP: 37/37
 50748 | Vaults:3 | You fall into a shaft and drop 1 floor!
 52262 | Vaults:4 | Reached skill level 15 in Evocations
 52320 | Vaults:4 | Learned a level 3 spell: Kindle Blastsparks
 52369 | Vaults:4 | Reached skill level 1 in Fire Magic
 54051 | Elf:3    | Bought 5 silver javelins for 144 gold pieces
 54493 | Vaults:5 | Entered Level 5 of the Vaults
 54501 | Vaults:5 | Noticed a dread lich
 54509 | Vaults:5 | Noticed a golden dragon
 54661 | Vaults:4 | Killed a dread lich
 54674 | Vaults:4 | Reached skill level 5 in Fire Magic
 55100 | Vaults:4 | Reached XP level 23. HP: 60/131 MP: 34/39
 55551 | Vaults:5 | Noticed an ancient lich
 55847 | Vaults:5 | Identified the +9 war axe of the Lusting Genius {freeze,
                  | Fragile rN++ Dex+7}
 55966 | Vaults:5 | Noticed a dread lich
 55983 | Vaults:5 | Killed a dread lich
 57622 | Vaults:5 | Noticed a dread lich
 57644 | Vaults:5 | Reached skill level 10 in Air Magic
 57668 | Vaults:5 | Killed a dread lich
 57697 | Vaults:5 | Identified the +5 arbalest "Moant" {freeze, Will+ Str+4}
 58052 | Vaults:5 | Killed an ancient lich
 58061 | Vaults:5 | Identified the +2 kite shield of Quick the Leaf {+Inv Str-2
                  | Int+4 Stlth+}
 58074 | Vaults:5 | Reached skill level 15 in Spellcasting
 58079 | Vaults:5 | Learned a level 4 spell: Airstrike
 58083 | Vaults:5 | Reached skill level 1 in Ranged Weapons
 58253 | Vaults:5 | Killed a golden dragon
 58376 | Vaults:5 | Noticed an ancient lich
 58398 | Vaults:5 | Killed an ancient lich
 58399 | Vaults:5 | Reached skill level 5 in Ranged Weapons
 58646 | Vaults:5 | Identified the +1 scimitar of Weak Integrity {vorpal,
                  | Str+2}
 58798 | Vaults:5 | Got a silver rune of Zot
 58818 | Vaults:5 | Reached XP level 24. HP: 116/137 MP: 43/43
 59141 | Depths:1 | Entered Level 1 of the Depths
 59159 | Depths:1 | Found a transporter.
 59269 | Depths:1 | Found a one-way gateway to a ziggurat.
 59527 | Depths:1 | Found a gateway to Hell.
 59856 | Depths:1 | Found a transporter.
 60060 | Depths:1 | Found a transporter.
 60097 | Depths:1 | Found a transporter.
 60505 | Depths:2 | Found a one-way gate to the infinite horrors of the Abyss.
 60561 | Depths:2 | Found a glowing golden altar of the Shining One.
 60609 | Depths:2 | Noticed Sojobo
 60888 | Depths:1 | Learned a level 4 spell: Animate Dead
 60893 | Depths:1 | Learned a level 4 spell: Dispel Undead
 61227 | Depths:2 | Reached skill level 1 in Necromancy
 61306 | Depths:2 | Killed Sojobo
 61574 | D:15     | Bought the +6 sling "Gephuwn" {flame, rN++ Will+++ Dex-5}
                  | for 1015 gold pieces
 61704 | Depths:2 | Noticed Vv
 61713 | Depths:2 | Killed Vv
 62085 | Depths:2 | Found a one-way gate leading to the halls of Pandemonium.
 62495 | Depths:3 | Noticed Mennas
 62521 | Depths:3 | Killed Mennas
 62522 | Depths:3 | Reached skill level 10 in Ranged Weapons
 62862 | Depths:3 | Reached skill level 5 in Necromancy
 63212 | Depths:3 | Reached XP level 25. HP: 141/141 MP: 43/43
 64081 | Depths:3 | Reached XP level 26. HP: 146/146 MP: 43/43
 64579 | Depths:3 | Found a blossoming altar of Fedhas.
 64732 | Depths:3 | Identified the +9 broad axe of Contradiction {pain, rElec
                  | rC++ Will+++ Dex-4}
 65378 | Elf:3    | Bought the +9 rapier of the Feeding Gods {vorpal, Fly
                  | Dex+4} for 822 gold pieces
 66040 | Depths:4 | Entered Level 4 of the Depths
 66040 | Depths:4 | Found a transporter.
 66212 | Depths:4 | Found an iron altar of Okawaru.
 66253 | Depths:4 | Found a transporter.
 66428 | Depths:4 | Reached skill level 15 in Invocations
 66457 | Depths:4 | Noticed Frederick
 66464 | Depths:4 | Killed Frederick
 66502 | Depths:4 | Identified the +10 hand crossbow of Noesken {vorpal, rPois
                  | rF- Str+2 Stlth+}
 66503 | Depths:4 | Identified the ring "Hegam" {rPois rC- MP+9 Str+6 Stlth+}
 67478 | Depths:4 | Identified the +6 trident of Ijyshr Zuina {vorpal, rC++}
 67549 | Depths:4 | Identified the ring "Ukhiegox" {rElec rF- rN++ Will+ rCorr}
 67654 | Depths:4 | Found a gate to the Realm of Zot.
 67790 | Depths:4 | Identified the ring of the Eleven Queens {rCorr Int+5 SInv}
 67863 | Depths:4 | Reached skill level 10 in Necromancy
 68154 | Crypt:1  | Entered Level 1 of the Crypt
 68154 | Crypt:1  | Noticed Avulumm's ghost (veteran MiGl)
 68154 | Crypt:1  | Found a runed translucent door.
 68181 | Crypt:1  | Killed Avulumm's ghost
 68881 | Crypt:1  | Reached skill level 15 in Ranged Weapons
 69487 | Crypt:2  | Upgraded the game from 0.30-a0-223-gcb0039aa0c to
                  | 0.30-a0-241-g1121274140
 69997 | Crypt:3  | Entered Level 3 of the Crypt
 70048 | Crypt:3  | Reached XP level 27. HP: 131/150 MP: 43/43
 70806 | Crypt:3  | Noticed an ancient lich
 70814 | Crypt:3  | Killed an ancient lich
 70965 | Crypt:3  | Reached skill level 10 in Armour
 71213 | Crypt:3  | Found a staircase to the Tomb.
 71540 | Crypt:3  | Found an ancient bone altar of Kikubaaqudgha.
 72327 | Slime:1  | Entered Level 1 of the Pits of Slime
 72707 | Slime:5  | Entered Level 5 of the Pits of Slime
 72927 | Slime:5  | Gained mutation: You are frail. (-10% HP) [a shining eye]
 72971 | Slime:5  | Noticed Dissolution
 72974 | Slime:5  | Killed Dissolution
 72997 | Slime:4  | Gained mutation: You are clumsy. (Dex -2) [a shining eye]
 73024 | Slime:4  | Reached skill level 10 in Dodging
 73475 | Slime:5  | Gained mutation: Your spells are a little harder to cast,
                  | but a little more powerful. [a shining eye]
 73909 | Slime:5  | Noticed the Royal Jelly
 74509 | Slime:5  | Found a viscous altar of Jiyva.
 74885 | Slime:5  | Killed the Royal Jelly
 74931 | Slime:5  | Got a slimy rune of Zot
 74987 | Slime:5  | Identified the +9 sling "Beg Pakk" {vorpal, rF+ rC+ Int+3
                  | Stlth-}
 74993 | Slime:5  | Identified the +2 helmet "Osimmae" {+Blink rF+ Str+4}
 75001 | Slime:5  | Identified the +2 trident "Cauri" {holy, MP+9}
 75029 | Slime:5  | Identified the ring "Cukaciel" {Contam Fly rElec Will+
                  | Int+5}
 75072 | Slime:5  | Identified the +2 leather armour "Josiriki" {rC+}
 75452 | Orc:2    | Bought a steaming leather armour for 210 gold pieces
 75452 | Orc:2    | Identified the +1 leather armour of Kooseffuil {Stlth+}
                  | (You bought it in a shop on level 2 of the Orcish Mines)
 75603 | D:9      | Identified the +1 robe "Upockaikk" {rCorr MP+9}
 75917 | Hell     | Entered the Vestibule of Hell
 75917 | Hell     | Noticed Geryon
 75931 | Hell     | Killed Geryon
 77303 | Depths:1 | Learned a level 6 spell: Dispersal
 77312 | Hell     | Reached skill level 15 in Necromancy
 77621 | Hell     | Found a gateway to the freezing wastes of Cocytus.
 78099 | Hell     | Found a gateway to the Iron City of Dis.
 78925 | Hell     | Found a gateway to the decaying netherworld of Tartarus.
 79382 | Hell     | Found a gateway to the ashen valley of Gehenna.
 79581 | Zot:1    | Entered Level 1 of the Realm of Zot
 79603 | Depths:4 | Reached skill level 15 in Translocations
 80078 | Zot:1    | You fall into a shaft and drop 1 floor!
 80826 | Zot:1    | Noticed an orb of fire
 80826 | Zot:1    | Gained mutation: Your magical capacity is low. (-10% MP)
                  | [an orb of fire]
 80835 | Zot:1    | Gained mutation: You are very clumsy. (Dex -4) [an orb of
                  | fire]
 80840 | Zot:1    | Gained mutation: Your body sometimes deteriorates upon
                  | taking damage. [an orb of fire]
 81503 | Zot:1    | Killed an orb of fire
 81776 | Zot:1    | Found a runed translucent gate.
 81777 | Zot:1    | Found a runed translucent gate.
 81778 | Zot:1    | Found a runed translucent gate.
 81779 | Zot:1    | Found an opulent altar of Gozag.
 81781 | Zot:1    | Noticed SprigganGuy's ghost (veteran SpHs)
 82507 | D:15     | Bought a book of the Wilderness for 722 gold pieces
 82513 | D:15     | Learned a level 5 spell: Summon Forest
 82609 | Vaults:1 | Bought Great Wizards, Vol. VII for 480 gold pieces
 82613 | Vaults:1 | Learned a level 3 spell: Gell's Gravitas
 82980 | Zot:2    | Reached skill level 1 in Summonings
 83029 | Zot:2    | Identified the +5 dagger "Suusu" {vorpal, rCorr}
 84040 | Zot:2    | Reached skill level 5 in Summonings
 85756 | Zot:4    | Identified the +1 robe of Plasticity {Rampage rPois Dex-5
                  | Slay+2}
 87053 | Zot:5    | Entered Level 5 of the Realm of Zot
 87706 | Depths:1 | Lost mutation: Your spells are a little harder to cast, but
                  | a little more powerful. [potion of mutation]
 87706 | Depths:1 | Lost mutation: You are frail. (-10% HP) [potion of
                  | mutation]
 87706 | Depths:1 | Gained mutation: Your spells are a little harder to cast,
                  | but a little more powerful. [potion of mutation]
 87706 | Depths:1 | Lost mutation: You are very clumsy. (Dex -4) [potion of
                  | mutation]
 87707 | Depths:1 | Lost mutation: Your body sometimes deteriorates upon taking
                  | damage. [potion of mutation]
 87707 | Depths:1 | Lost mutation: You are clumsy. (Dex -2) [potion of
                  | mutation]
 87707 | Depths:1 | Lost mutation: Your magical capacity is low. (-10% MP)
                  | [potion of mutation]
 87707 | Depths:1 | Gained mutation: You sometimes lose your temper in combat.
                  | [potion of mutation]
 87707 | Depths:1 | Lost mutation: You sometimes lose your temper in combat.
                  | [potion of mutation]
 87724 | Depths:1 | Upgraded the game from 0.30-a0-241-g1121274140 to
                  | 0.30-a0-250-g41c1d76940
 87732 | Zig:1    | Entered Level 1 of a ziggurat
 87759 | Zig:1    | Identified the +5 shortbow "Arbiter" {freeze, rF+ rC+
                  | Str+2}
 87766 | Zig:2    | Entered Level 2 of a ziggurat
 87904 | Zig:3    | Entered Level 3 of a ziggurat
 87915 | Zig:3    | Gained mutation: You have hidden genetic defects. [a
                  | shining eye]
 88153 | Zig:4    | Entered Level 4 of a ziggurat
 88192 | Zig:5    | Entered Level 5 of a ziggurat
 88230 | Zig:5    | Identified the ring "Coedut" {Fire +Blink}
 88251 | Zig:6    | Entered Level 6 of a ziggurat
 88398 | Zig:6    | Identified the ring of Contentment {Drain rElec Str+6
                  | Dex+4}
 88401 | Zig:6    | Got the Directory of Nocuous Hurting
 88411 | Zig:7    | Entered Level 7 of a ziggurat
 88416 | Zig:7    | Found the ring of the Octopus King
 88420 | Zig:7    | Noticed a dread lich
 88431 | Zig:7    | Killed a dread lich
 88446 | Zig:7    | Identified a ring of the Octopus King {HP+2 MP+9 AC+2 EV+2
                  | SH+2}
 88475 | Zig:8    | Entered Level 8 of a ziggurat
 88481 | Zig:8    | Noticed Quawn the pandemonium lord
 88497 | Zig:8    | Killed Quawn the pandemonium lord
 88691 | Zig:8    | Identified the ring of Odghulo {*Slow Str+7 Int+6 Dex+2}
 88719 | Zig:9    | Entered Level 9 of a ziggurat
 88755 | Zig:9    | Gained mutation: Your body sometimes deteriorates upon
                  | taking damage. [hidden defects]
 88902 | Zig:10   | Entered Level 10 of a ziggurat
 88913 | Zig:10   | Noticed Dupruraf the pandemonium lord
 89221 | Depths:1 | Upgraded the game from 0.30-a0-250-g41c1d76940 to
                  | 0.30-a0-269-gf0224bf7b6
 89294 | Coc:1    | Entered Level 1 of Cocytus
 89437 | Coc:1    | Noticed an ancient lich
 89523 | Coc:1    | Killed an ancient lich
 89816 | Hell     | Lost mutation: You have hidden genetic defects. [potion of
                  | mutation]
 89816 | Hell     | Lost mutation: Your body sometimes deteriorates upon taking
                  | damage. [potion of mutation]
 89816 | Hell     | Lost mutation: Your spells are a little harder to cast, but
                  | a little more powerful. [potion of mutation]
 89816 | Hell     | Gained mutation: You sometimes lose your temper in combat.
                  | [potion of mutation]
 89816 | Hell     | Gained mutation: You have hidden genetic defects. [potion
                  | of mutation]
 89816 | Hell     | Gained mutation: You are partially covered in iridescent
                  | scales. (AC +2) [potion of mutation]
 89817 | Hell     | Lost mutation: You sometimes lose your temper in combat.
                  | [potion of mutation]
 89817 | Hell     | Lost mutation: You have hidden genetic defects. [potion of
                  | mutation]
 89817 | Hell     | Lost mutation: You are partially covered in iridescent
                  | scales. (AC +2) [potion of mutation]
 89817 | Hell     | Gained mutation: You are dopey. (Int -2) [potion of
                  | mutation]
 89817 | Hell     | Gained mutation: You occasionally shout uncontrollably at
                  | your foes. [potion of mutation]
 89818 | Hell     | Lost mutation: You occasionally shout uncontrollably at
                  | your foes. [potion of mutation]
 89818 | Hell     | Lost mutation: You are dopey. (Int -2) [potion of mutation]
 89818 | Hell     | Gained mutation: Armour fits poorly on your strangely
                  | shaped body. [potion of mutation]
 89818 | Hell     | Gained mutation: You are somewhat resistant to further
                  | mutation. [potion of mutation]
 92626 | Coc:3    | Upgraded the game from 0.30-a0-269-gf0224bf7b6 to
                  | 0.30-a0-272-gf98c3da03f
 92632 | Coc:3    | Learned a level 5 spell: Borgnjor's Vile Clutch
 92724 | Coc:4    | Paralysed by a wendigo for 1 turns
 92725 | Coc:4    | Killed from afar by a wendigo

Illustrated notes

Levels and vault maps discovered:
D:1:      amcnicky_arrival_abandoned_market, layout_basic,
          dreamdust_ecumenical_altar_grove, minmay_unequal
D:2:      layout_basic
D:3:      layout_basic, minitemple, uniq_ijyb, uniq_jessica, uniq_sigmund
D:4:      layout_layer_cave, minmay_bent
D:5:      layout_basic, serial_corexii_hall, chequers_hall_statues_y,
          corexii_hall_statues_l, chequers_hall_statues_corner_a,
          chequers_hall_statues_wall_a, corexii_hall_statues_deadend,
          chequers_hall_statues_y, uniq_blork_the_orc, uniq_menkaure
D:6:      layout_loops_ring, uniq_pikel, uniq_maggie, uniq_grinder, uniq_edmund
D:7:      layout_rooms, mainiacjoe_overflow_chevrons,
          minmay_temple_entry_nine_rooms
D:8:      layout_loops_corners, hex_large
D:9:      layout_roguey, hangedman_minor_magic, uniq_joseph, uniq_maurice,
          uniq_psyche
D:10:     layout_loops_ring, grunt_lair_entry_orc_guard_hut
D:11:     layout_cave_pods, minmay_misc_feat_rugged, hangedman_decor_push,
          uniq_urug
D:12:     layout_irregular_city, erik_orc_1, grunt_ministairs_8
D:13:     layout_cave_pools
D:14:     layout_irregular_city, david_vaults_5, bh_walls_and_bars,
          minmay_beelzebubs_servants
D:15:     grunt_enter_depths_hoard, layout_cave_pools, serial_shops, shop, shop,
          shop_fountains, nicolae_shop_advertising_works
          [nicolae_subvault_shop_adworks], shop_statue,
          chequers_serial_rivers_room_b, nicolae_hepliaklqana_hippocampus
Temple:   jpeg_temple_clearing
Lair:1:   layout_roguey, grunt_megastairs_1
Lair:2:   beast_lair_carwin_large_3, layout_cave_pods,
          hangedman_lair_generics_rect, grunt_megastairs_2
Lair:3:   layout_long_grid, elwin_shoals_entry_rooms, dummy_snake_entry,
          nicolae_volcano_entry_batcave
Lair:4:   layout_cave_pods, uniq_rupert, uniq_snorg
Lair:5:   gammafunk_lair_ancient_temple, layout_regular_city,
          minmay_slime_entry_oklob_enclosed
Shoals:1: layout_shoals, serial_shops, shop_coins,
          nicolae_shoals_stone_sculpture_thing
Shoals:2: layout_shoals, serial_shops, shop, shop_fountains, shop,
          nicolae_lakefront_shop, nicolae_shop_hallway_plus, uniq_louise
Shoals:3: layout_shoals, shoals_oasis, uniq_ilsuiw
Shoals:4: shoals_end_simple, layout_shoals, serial_shops, shop, uniq_mara,
          uniq_polyphemus, uniq_kirke
Snake:1:  layout_misc_corridors, basic_altar, serial_bayou_crossing,
          uniq_josephine
Snake:2:  layout_onion_interference, serial_shops, nicolae_stop_n_shop_2,
          nicolae_snake_salamander_jacuzzi, serial_bayou_shore_b,
          uniq_saint_roka
Snake:3:  layout_misc_corridors, basic_altar, minmay_shop_grid_forest
Snake:4:  grunt_snake_rune_spirals, layout_onion, drop_trap,
          nicolae_fountain_basement
Slime:1:  layout_caves
Slime:2:  layout_caves, cheibrodos_slime_lost_civilization_5
Slime:3:  layout_caves
Slime:4:  layout_caves
Slime:5:  uniq_dissolution
Orc:1:    dreamdust_under_siege, layout_diamond_mine, serial_shops,
          nicolae_shop_stone, lightli_church_of_beogh
Orc:2:    st_orc_open, layout_caves, mines_bat_river
Elf:1:    layout_gridlike, minmay_elf_crystal_hexagon,
          nicolae_elf_vaults_five_recruitment_drive, uniq_aizul, uniq_jorgrun
Elf:2:    nicolae_elf_blades_splatter_lattice [nicolae_blade_little_rooms],
          layout_geoelf_grid, serial_shops, shop, drop_trap,
          minmay_shop_enchanted_jewellery, grunt_ministairs_10,
          lemuel_flamethrower_3
Elf:3:    elf_hall_gauntlet_wide, layout_loops_corners, serial_shops,
          nicolae_shop_statue_plus
Vaults:1: infiniplex_enter_wizlab_spiral, nicolae_vaults_little_squares_2,
          ontoclasm_vaults_chip, nicolae_vaults_asterisk,
          ontoclasm_vaults_decontamination, nicolae_vaults_rhombus_7,
          ontoclasm_vaults_idyll, v_pattern_4, nicolae_vaults_twisting_passages,
          special_room_vaults [special_room_orc], v_misc_19,
          nicolae_vaults_network_periphery, v_misc_3,
          nicolae_vaults_angled_halls, layout_vaults_ring, serial_shops,
          nicolae_shop_hallway_stairs
Vaults:2: v_misc_32, minmay_crypt_entry_simple_sparse,
          nicolae_vaults_fighting_squares, ontoclasm_vaults_bender,
          ontoclasm_vaults_shuriken, v_rooms_2, v_misc_33,
          nicolae_vaults_triangles, layout_vaults_big_cross, serial_shops,
          nicolae_square_shop, nicolae_square_shop
Vaults:3: grunt_vaults_hallway_long, vaults_room_stairs_pillars,
          hangedman_vaults_slither, hangedman_vaults_restitches,
          dpeg_vaults_monster_box, v_misc_3, v_misc_19, v_rooms_3, v_misc_17,
          vaults_mumra_lcd, v_misc_18, nicolae_vaults_ring_of_whatevers,
          layout_vaults_maze_snakey
Vaults:4: hangedman_vaults_snaps, ontoclasm_vaults_chip,
          nicolae_vaults_ninety_degrees, v_alt_pattern_2,
          nicolae_vaults_little_squares_3, vaults_dpeg_ring,
          layout_vaults_omnigrid
Vaults:5: serial_shops
Crypt:1:  layout_regular_city, ebering_ghost_inner_flame, st_stairs_11
Crypt:2:  layout_chaotic_city, grunt_megastairs_3
Crypt:3:  cryptofortress_bobbens
Depths:1: layout_basic, enter_ziggurat_f, corexii_hall_statues_t, hell_entry,
          nicolae_transporter_intersection
Depths:2: nzn_winding_woodlands_medium [nzn_winding_woodlands_5x5_perimeter,
          nzn_winding_woodlands_5x15_split_checker,
          nzn_winding_woodlands_5x5_open_star,
          nzn_winding_woodlands_5x5_checkerboard,
          nzn_winding_woodlands_center_triple_pond,
          nzn_winding_woodlands_5x5_default, nzn_winding_woodlands_5x5_cross,
          nzn_winding_woodlands_5x15_river_crossing,
          nzn_winding_woodlands_5x5_closed_star], layout_cave_shapes,
          serial_bayou_shore_a, hangedman_abyss_entry_splay,
          grunt_pan_entry_spiral, hell_entry, nicolae_tso_swordbearing_angel,
          uniq_vv, uniq_sojobo
Depths:3: minmay_swirls_squares, layout_basic, hangedman_coc_ice_floe,
          abyss_entry, fedhas_altar_2, water_maze_lemuel, uniq_mennas
Depths:4: hangedman_spin_cycle, hell_entry, pan_entry, abyss_entry,
          uniq_josephina, uniq_frederick
Hell
Coc:1:    layout_ice_bergs
Coc:2:    layout_cocytus_water_paths
Coc:3:    layout_ice_bergs
Coc:4:    layout_cocytus_delve
Zot:1:    layout_gridlike, ebering_ghost_gozag, zot_minivault_6
Zot:2:    layout_basic
Zot:3:    nicolae_zot_stationary_front, layout_misc_corridors
Zot:4:    kennysheep_blocky_hall, layout_misc_corridors
Zot:5:    layout_basic

Skill      XL: |  1  2  3  4  5  6  7  8  9 10 11 12 13 14 15 16 17 18 19 20 21 22 23 24 25 26 27 |
---------------+----------------------------------------------------------------------------------+-----
Dodging        | 1 4 6 8 11 | 11.0
Stealth        | 5 6 7 8 9 11 13 15 18 | 18.0
Fighting       | 2 3 4 5 7 9 11 12 14 17 | 17.6
Short Blades   | 2 3 4 5 7 8 9 11 12 | 12.4
Throwing       | 2 5 |  5.0
Invocations    | 1 6 9 12 14 15 16 | 16.7
Evocations     | 5 6 9 12 15 | 15.0
Shields        | 6 8 10 11 12 | 12.0
Armour         | 3 5 6 8 10 | 10.0
Translocations | 4 5 6 8 10 12 18 | 18.0
Long Blades    | 7 10 | 10.5
Spellcasting   | 2 6 7 10 11 15 17 | 17.7
Conjurations   | 2 5 |  5.0
Air Magic      | 2 5 7 10 | 10.4
Fire Magic     | 5 |  5.0
Ranged Weapons | 6 11 12 15 | 15.1
Necromancy     | 5 7 10 15 | 15.0
Summonings     | 9 |  9.3
Earth Magic    | |  0.2

Action                   |  1- 3 |  4- 6 |  7- 9 | 10-12 | 13-15 | 16-18 | 19-21 | 22-24 | 25-27 || total
-------------------------+-------+-------+-------+-------+-------+-------+-------+-------+-------++-------
Melee: Dagger            |    68 |    82 |   164 |   227 |  1310 |   133 |       |       |       ||  1984
       Bite              |    13 |    20 |    56 |   166 |   608 |   408 |   593 |   678 |  1505 ||  4047
       Punch             |       |     2 |     3 |     6 |    21 |       |       |       |       ||    32
       Short sword       |       |       |       |   240 |       |       |       |       |       ||   240
       Katana            |       |       |       |       |       |   647 |    31 |     6 |    33 ||   717
       Rapier            |       |       |       |       |       |   130 |  1029 |  1076 |  2008 ||  4243
       Eudemon blade     |       |       |       |       |       |       |       |       |    69 ||    69
 Fire: Sling             |       |       |       |       |       |       |       |    11 |   218 ||   229
       Hand crossbow     |       |       |       |       |       |       |       |       |    37 ||    37
Throw: Dart              |     6 |    29 |    69 |    66 |   141 |   173 |       |     4 |       ||   488
       Throwing net      |       |     1 |     3 |       |       |       |       |     3 |     2 ||     9
       Boomerang         |       |       |    15 |       |    19 |    43 |   113 |    66 |    37 ||   293
       Javelin           |       |       |       |       |       |       |       |     7 |     7 ||    14
 Cast: Momentum Strike   |       |       |       |       |       |       |     2 |       |     1 ||     3
       Vhi's Electric Ch |       |       |       |       |       |       |     2 |       |     9 ||    11
       Blink             |       |       |       |       |       |       |       |     1 |     3 ||     4
       Lesser Beckoning  |       |       |       |       |       |       |       |     1 |     1 ||     2
       Airstrike         |       |       |       |       |       |       |       |     4 |     8 ||    12
       Kindle Blastspark |       |       |       |       |       |       |       |     2 |     1 ||     3
       Dispel Undead     |       |       |       |       |       |       |       |       |    24 ||    24
       Animate Dead      |       |       |       |       |       |       |       |       |     9 ||     9
       Summon Forest     |       |       |       |       |       |       |       |       |     2 ||     2
Invok: Line Pass         |       |       |       |     2 |     1 |     1 |       |       |     3 ||     7
       Grand Finale      |       |       |       |       |     1 |     1 |       |     1 |     3 ||     6
Evoke: Wand              |       |       |     3 |    19 |    50 |    12 |     1 |     8 |     8 ||   101
       Box of beasts     |       |       |       |       |     2 |     2 |       |       |       ||     4
       Tin of tremorston |       |       |       |       |       |     2 |     2 |     2 |     3 ||     9
       Lightning rod     |       |       |       |       |       |       |     1 |     5 |     5 ||    11
       Phial of floods   |       |       |       |       |       |       |       |     1 |       ||     1
       Horn of Geryon    |       |       |       |       |       |       |       |       |     1 ||     1
  Use: Scroll            |     1 |    14 |     3 |    14 |    12 |     6 |     2 |    15 |    14 ||    81
       Potion            |       |       |       |     2 |     2 |       |     1 |    10 |    16 ||    31
 Stab: Sleeping          |    10 |     6 |     8 |    18 |    25 |    31 |    68 |    33 |    73 ||   272
       Distracted        |       |     1 |       |       |     3 |     5 |     3 |     8 |    15 ||    35
       Held in net/web   |       |       |     1 |       |       |       |       |     5 |       ||     6
       Paralysed         |       |       |       |    20 |    60 |    63 |   110 |    93 |   259 ||   605
       Invisible         |       |       |       |     2 |       |       |       |       |       ||     2
       Confused          |       |       |       |       |       |       |       |       |     3 ||     3
Armor: Robe              |    16 |    14 |    40 |   128 |   273 |       |       |       |       ||   471
       Ring mail         |       |       |       |       |    24 |   127 |    79 |   107 |   203 ||   540
Dodge: Dodged            |    34 |    38 |    54 |   198 |   548 |   272 |   207 |   254 |   544 ||  2149
Block: Buckler           |       |       |       |       |    49 |       |       |       |       ||    49
       Kite shield       |       |       |       |       |    24 |   521 |   365 |   422 |  1222 ||  2554
       Reflection        |       |       |       |       |       |       |       |       |    21 ||    21
       Rpst.: Dagger     |       |       |       |       |     8 |    24 |       |       |       ||    32
       Katana            |       |       |       |       |       |   121 |     5 |       |     9 ||   135
       Rapier            |       |       |       |       |       |    25 |   146 |   151 |   429 ||   751
       Eudemon blade     |       |       |       |       |       |       |       |       |    12 ||    12

Table legend: (Time is in decaauts)
 A = Elapsed time spent in this place.
 B = Non-inter-level travel time spent in this place.
 C = Inter-level travel time spent in this place.
 D = Time resting spent in this place.
 E = Time spent auto-exploring this place.
 F = Levels seen in this place.
 G = Mean time per level.
                   A        B        C        D        E       F      G
               +--------+--------+--------+--------+--------+-----+--------+
         Total |  90198 |  80609 |   9589 |  30549 |  26459 |  72 | 1252.8 |
       Dungeon |  20012 |  16827 |   3185 |   3814 |   8389 |  15 | 1334.1 |
        Temple |     55 |     42 |     13 |      0 |     29 |   1 |   55.0 |
          Lair |   8901 |   7316 |   1585 |   2392 |   2383 |   5 | 1780.2 |
        Shoals |   3680 |   3556 |    124 |    817 |   1369 |   4 |  920.0 |
     Snake Pit |   7981 |   7489 |    492 |   3404 |   1431 |   4 | 1995.2 |
    Slime Pits |   2679 |   2627 |     52 |   1638 |      0 |   5 |  535.8 |
  Orcish Mines |   2922 |   2183 |    739 |    274 |    839 |   2 | 1461.0 |
   Elven Halls |   4961 |   4415 |    546 |   1284 |   1657 |   3 | 1653.7 |
        Vaults |  11660 |  10579 |   1081 |   4696 |   3562 |   5 | 2332.0 |
         Crypt |   3537 |   3428 |    109 |    923 |   1451 |   3 | 1179.0 |
        Depths |  10406 |   9366 |   1040 |   4707 |   2692 |   4 | 2601.5 |
          Hell |   2975 |   2955 |     20 |   2128 |    270 |   1 | 2975.0 |
       Cocytus |   1959 |   1834 |    125 |    934 |    247 |   4 |  489.8 |
           Zot |   7339 |   6865 |    474 |   2850 |   2136 |   5 | 1467.8 |
      Ziggurat |   1119 |   1119 |      0 |    686 |      0 |  10 |  111.9 |
       Volcano |      4 |      4 |      0 |      0 |      0 |   1 |    4.0 |
               +--------+--------+--------+--------+--------+-----+--------+

Top non-repeatable levels by time:
Vaults:4: 4729 daAuts
Depths:1: 4138 daAuts
 Snake:4: 4033 daAuts
    Hell: 2975 daAuts
  Lair:5: 2899 daAuts
Depths:3: 2769 daAuts
   Elf:3: 2471 daAuts
    D:12: 2437 daAuts
   Zot:1: 2152 daAuts
     D:4: 2027 daAuts
   Zot:2: 1970 daAuts
Vaults:2: 1930 daAuts
Depths:4: 1923 daAuts
   Orc:1: 1871 daAuts
 Crypt:3: 1788 daAuts
